 Dungeon Crawl Stone Soup version 0.31-a0-986-g5e6e4ef867 (webtiles) character file.

Game seed: 14791980597840345281

133 dialectric the Covert (level 5, 0/36 HPs)
             Began as an Octopode Delver on Nov 19, 2023.
             Constricted to death by a ball python (1 damage)
             ... on level 2 of the Dungeon.
             The game lasted 00:01:45 (619 turns).

dialectric the Covert (Octopode Delver)              Turns: 619, Time: 00:01:46

Health: 0/36       AC:  1    Str: 16    XL:     5   Next: 16%
Magic:  5/5        EV: 10    Int: 11    God:
Gold:   28         SH:  0    Dex: 14    Spells: 4/4 levels left

rFire   . . .        a - +0 short sword
rCold   . . .        (no shield)
rNeg    . . .        (helmet restricted)
rPois   .            (no amulet)
rElec   .            (no ring)
rCorr   .            (no ring)
SInv    .            (no ring)
Will    .....        (no ring)
Stlth   +++++        (no ring)
HPRegen 0.26/turn    (no ring)
MPRegen 0.09/turn    (no ring)
                     (no ring)

%: no passive effects
@: constricted
A: almost no armour, amphibious, 8 rings, camouflage 1, gelatinous body 1,
(nimble swimmer 1), tentacles, mutation resistance 1, strong 1
a: no special abilities


You were on level 2 of the Dungeon.
You visited 1 branch of the dungeon, and saw 5 of its levels.

You collected 28 gold pieces.

Inventory:

Hand Weapons
 a - a +0 short sword (weapon)
Wands
 f - a wand of digging (3)
Scrolls
 b - a scroll of fog
 c - a scroll of revelation
 d - a scroll of fear
 g - a scroll of identify {unknown}
 h - 3 scrolls of enchant weapon {unknown}
 i - a scroll of teleportation {unknown}
 k - a scroll of blinking {unknown}
Potions
 e - a potion of haste


   Skills:
 + Level 3.5 Fighting
 + Level 2.3 Short Blades
 + Level 2.2 Dodging
 + Level 8.8 Stealth


You had 4 spell levels left.
You didn't know any spells.
Your spell library was empty.

Dungeon Overview and Level Annotations

Branches:
Dungeon (6/15)
 Temple: D:4-7

Altars:


Innate Abilities, Weirdness & Mutations

You cannot wear most types of armour.
You are amphibious.
You can wear up to eight rings at the same time.
Your skin changes colour to match your surroundings (Stealth+).
Your rubbery body absorbs attacks. (AC +1, EV +1)
((You are camouflaged when in or above water. (Stealth+)))
You have tentacles for arms and can constrict up to eight enemies at once.
You are somewhat resistant to further mutation.
Your muscles are strong. (Str +4, Int/Dex -1)


Message History

Beogh smites you!
There is a stone staircase leading up here.
There is a stone staircase leading up here.
The orc priest barely misses you. x2
You climb upwards.
There is a stone staircase leading down here.
Unknown command.
Unknown command.
Unknown command.
It was a potion of mutation.
You feel extremely strange.
You feel stronger.
You feel genetically stable.
The orc priest hits you with a +0 short sword.
The orc priest invokes the aid of Beogh against you.
You barely resist.
Unknown command.
You hit the orc priest. You grab the orc priest.
The orc priest is lightly wounded.
You constrict the orc priest.
The orc priest mumbles some strange prayers to Beogh against you.
Beogh smites you! The orc priest hits you with a +0 club.
* * * LOW HITPOINT WARNING * * *
Unknown command.
You completely miss the orc priest.
The orc priest is lightly wounded.
You constrict the orc priest.
The orc priest hits you with a +0 short sword.
* * * LOW HITPOINT WARNING * * *
The orc priest looks satisfied for a moment.
You hit the orc priest. You squeeze the orc priest.
The orc priest is almost dead.
You constrict the orc priest.
The orc priest looks satisfied for a moment.
The orc priest barely misses you. The ball python bites you.
* * * LOW HITPOINT WARNING * * *
The ball python barely misses you.
You hit the orc priest.
You kill the orc priest!
The ball python closely misses you. The ball python grabs you.
The ball python constricts you.
You die...

#+##
##...##
##.o...##
#.@S....#
#...).....#
+.........+
#.........#
##.......##
##.....##
##...##
#+##


You could see an orc priest and a ball python.

Vanquished Creatures
  An orc priest (D:2)
  A jelly (D:5)
  2 iguanas
  An orc wizard (D:4)
  2 adders (D:4)
  A dart slug (D:4)
  2 orcs
  2 quokkas (D:4)
12 creatures vanquished.

Notes
Turn   | Place    | Note
-------+----------+-------------------------------------------
     0 | D:5      | dialectric the Octopode Delver began the quest for the Orb.
     0 | D:5      | Reached XP level 1. HP: 16/16 MP: 1/1
     4 | D:6      | Noticed a jelly
    13 | D:5      | Killed a jelly
    14 | D:5      | Reached skill level 7 in Stealth
    14 | D:5      | Reached XP level 2. HP: 6/21 MP: 2/2
    14 | D:5      | Reached XP level 3. HP: 8/26 MP: 3/3
   121 | D:5      | Reached skill level 8 in Stealth
   155 | D:4      | Reached XP level 4. HP: 22/31 MP: 4/4
   379 | D:4      | Reached XP level 5. HP: 24/36 MP: 5/5
   615 | D:2      | Gained mutation: Your muscles are strong. (Str +4, Int/Dex
                  | -1) [potion of mutation]
   615 | D:2      | Gained mutation: You are somewhat resistant to further
                  | mutation. [potion of mutation]
   618 | D:2      | HP: 1/36 [ball python (1)]
   619 | D:2      | Constricted to death by a ball python

Illustrated notes

Levels and vault maps discovered:
D:2:      layout_loops_corners, basic_altar, grunt_ministairs_11, nicolae_titane
D:3:      kennysheep_the_goblin_king, layout_rooms, serial_shops, shop
D:4:      layout_layer_cave, nicolae_overflow_hidden_temple,
          kennysheep_little_box
D:5:      layout_gridville
D:6:      layout_basic, minmay_temple_entry_water_ring,
          lightli_ossuary_entry_decrepit_ruins, minmay_joined_circles

Skill      XL: |  1  2  3 |
---------------+----------+-----
Stealth        | 7 8 |  8.8
Fighting       | |  3.5
Short Blades   | |  2.3
Dodging        | |  2.2

Action                     |  1- 3 |  4- 6 || total
---------------------------+-------+-------++-------
  Melee: Short sword       |     4 |    31 ||    35
         Tentacles         |     2 |    10 ||    12
         Constrict         |     2 |     8 ||    10
         Punch             |     1 |       ||     1
    Use: Potion            |       |     1 ||     1
   Stab: Sleeping          |     1 |     1 ||     2
 Armour: Skin              |     8 |    17 ||    25
  Dodge: Dodged            |     1 |    20 ||    21

Table legend: (Time is in decaauts)
 A = Elapsed time spent in this place.
 B = Non-inter-level travel time spent in this place.
 C = Inter-level travel time spent in this place.
 D = Time resting spent in this place.
 E = Time spent auto-exploring this place.
 F = Levels seen in this place.
 G = Mean time per level.
                   A        B        C        D        E       F      G
               +--------+--------+--------+--------+--------+-----+--------+
         Total |    615 |    615 |      0 |    101 |    208 |   5 |  123.0 |
       Dungeon |    615 |    615 |      0 |    101 |    208 |   5 |  123.0 |
               +--------+--------+--------+--------+--------+-----+--------+

Top non-repeatable levels by time:
     D:4: 397 daAuts
     D:5: 142 daAuts
     D:3: 63 daAuts
     D:6: 7 daAuts
     D:2: 4 daAuts
